 Dungeon Crawl Stone Soup version 0.22.1-1-ga44c0e5 (webtiles) character file.

319 rabbit the Magician (level 6, -1/44 HPs)
             Began as a Gnoll Wizard on Oct 13, 2018.
             Was a Follower of Kikubaaqudgha.
             Slain by a gnoll
             ... wielding a +0 flail
              (11 damage)
             ... on level 3 of the Dungeon.
             The game lasted 00:20:32 (4653 turns).

rabbit the Magician (Gnoll Wizard)                  Turns: 4653, Time: 00:20:33

Health: -1/44      AC:  3    Str: 10    XL:     6   Next: 45%
Magic:  13/16      EV: 14    Int: 22    God:    Kikubaaqudgha [*.....]
Gold:   117        SH:  0    Dex: 13    Spells: 8/19 levels left

rFire    . . .     SeeInvis .   a - +0 dagger
rCold    . . .     Gourm    .   (no shield)
rNeg     . . .     Faith    .   i - +0 robe
rPois    .         Spirit   .   e - +0 hat
rElec    .         Reflect  .   (no cloak)
rCorr    .         Harm     .   w - +0 pair of gloves
MR       .....                  (no boots)
Stlth    +++.......             (no amulet)
HPRegen  0.14/turn              (no ring)
MPRegen  0.15/turn              (no ring)

@: very slightly contaminated
A: distributed training, fangs 1, strong nose
a: Receive Corpses, Renounce Religion


You were on level 3 of the Dungeon.
You worshipped Kikubaaqudgha.
Kikubaaqudgha was aware of your devotion.
You were not hungry.

You visited 1 branch of the dungeon, and saw 4 of its levels.

You collected 117 gold pieces.

Inventory:

Hand Weapons
 a - a +0 dagger (weapon)
 b - a +0 hunting sling
 k - a +0 short sword
Missiles
 c - 152 stones (quivered)
 n - 11 arrows
 o - 16 bolts
 p - 52 sling bullets
Armour
 e - a +0 hat (worn)
 i - a +0 robe (worn)
 w - a +0 pair of gloves (worn)
Wands
 y - a wand of iceblast (10)
Scrolls
 f - 2 scrolls of enchant armour {unknown}
 g - 4 scrolls of teleportation {unknown}
 l - 3 scrolls of magic mapping {unknown}
 m - 4 scrolls of identify {unknown}
 s - a scroll of immolation {unknown}
 u - a scroll of amnesia {unknown}
 x - a scroll of remove curse {unknown}
Potions
 h - 2 potions of might {unknown}
 j - a potion of agility {unknown}
 q - a potion of berserk rage {unknown}
 r - a potion of mutation {unknown}
 t - a potion of flight {unknown}
 v - a potion of haste {unknown}
 z - a potion of magic {unknown}
Comestibles
 d - 2 rations


   Skills:
 + Level 1.9 Fighting
 + Level 1.9 Short Blades
 + Level 1.9 Long Blades
 + Level 1.9 Axes
 + Level 1.9 Maces & Flails
 + Level 1.9 Polearms
 + Level 1.9 Staves
 + Level 1.9 Slings
 + Level 1.9 Bows
 + Level 1.9 Crossbows
 + Level 1.9 Throwing
 + Level 1.9 Armour
 + Level 5.0 Dodging
 + Level 4.6 Stealth
 + Level 1.9 Shields
 + Level 1.9 Unarmed Combat
 + Level 7.4 Spellcasting
 + Level 2.6 Conjurations
 + Level 1.5 Hexes
 + Level 1.5 Charms
 + Level 2.6 Summonings
 + Level 1.5 Necromancy
 + Level 2.6 Translocations
 + Level 1.5 Transmutations
 + Level 1.5 Fire Magic
 + Level 1.5 Ice Magic
 + Level 1.5 Air Magic
 + Level 1.5 Earth Magic
 + Level 1.5 Poison Magic
 + Level 2.1 Invocations
 + Level 1.9 Evocations


You had 8 spell levels left.
You knew the following spells:

 Your Spells              Type           Power        Failure   Level  Hunger
a - Magic Dart            Conj           ###.         2%          1    None
b - Blink                 Tloc           N/A          4%          2    None
c - Call Imp              Summ           ###.....     4%          2    None
d - Conjure Flame         Conj/Fire      ###.....     10%         3    None
e - Mephitic Cloud        Conj/Pois/Air  ###.....     11%         3    None

Your spell library contained the following spells:

 Spells                   Type           Power        Failure   Level  Hunger
 Animate Skeleton         Necr           N/A          4%          1    None
 Pain                     Necr           ##..         4%          1    None
 Slow                     Hex            ##......     6%          2    None
 Sublimation of Blood     Necr           ##........   6%          2    None
 Regeneration             Chrm/Necr      ##........   13%         3    None


Dungeon Overview and Level Annotations

Branches:
Dungeon (4/15)
 Temple: D:4-7

Altars:
Elyvilon
Kikubaaqudgha
Xom


Innate Abilities, Weirdness & Mutations

Your experience applies equally to all skills.
You have very sharp teeth.
Your uncanny sense of smell can sniff out nearby items.


Message History

Aim: a gnoll, wielding a flail The magic dart hits the gnoll.
Casting: Magic Dart (safe; 2% risk of failure)
Confirm with . or Enter, or press ? or * to list all spells.
Aiming: Magic Dart (safe; 2% risk of failure)
Press: ? - help, Shift-Dir - straight line, f/p - gnoll
Aim: a gnoll, wielding a flail You miscast Magic Dart.
You are very lightly contaminated with residual magic.
Your skin tingles.
The gnoll hits you but does no damage.
Casting: Magic Dart (safe; 2% risk of failure)
Confirm with . or Enter, or press ? or * to list all spells.
Aiming: Magic Dart (safe; 2% risk of failure)
Press: ? - help, Shift-Dir - straight line, f/p - gnoll
Aim: a gnoll, wielding a flail The magic dart hits the gnoll.
The gnoll is lightly wounded.
The gnoll hits you with a flail!
You die...
Kikubaaqudgha rasps: "You have failed me!
Welcome... death!"

#..############# #.
#..........(...#
#############.
#......#######.#
#)............ #..###.#
#.# #.##########..
#..#<..# #.# #[#
#.........
...###########.# #.#
#.#######.
...............# #.#
#.#.......
##.############### #.#
#.#<######
..............gg@# #.#
#.#.......
.#.###############
#.###.#.###### .#.#
#[#........... .#.#
#.#.#.#.###### .#.#
##### ###### #.#...#.#
.#.#
#...###....###.#####.#
.#.#
##....##....##.#.....#
##.#
##....##......#.#####
##'#######....##.)...#.#


You could see 2 gnolls.

Vanquished Creatures
  A vampire bat (D:2)
  An orc priest (D:3)
  An orc wizard (D:3)
  Ijyb (D:3)
  6 gnolls (D:3)
  4 adders
  2 river rats (D:3)
  An ooze (D:3)
  5 worms
  2 orcs (D:3)
  6 bats
  3 bat skeletons (D:2)
  3 bat zombies (D:2)
  5 giant cockroaches
  5 hobgoblins
  3 jackals (D:1)
  9 kobolds
  2 ball pythons (D:3)
  4 frilled lizards
  5 goblins
  5 rats
74 creatures vanquished.

Notes
Turn   | Place    | Note
-------+----------+-------------------------------------------
     0 | D:1      | rabbit the Gnoll Wizard began the quest for the Orb.
     0 | D:1      | Reached XP level 1. HP: 13/13 MP: 8/8
   210 | D:1      | Reached XP level 2. HP: 19/19 MP: 7/10
   237 | D:1      | Learned a level 2 spell: Blink
   240 | D:1      | Learned a level 2 spell: Call Imp
   847 | D:2      | Reached XP level 3. HP: 25/25 MP: 3/11
   852 | D:2      | Learned a level 3 spell: Conjure Flame
   856 | D:2      | Learned a level 3 spell: Mephitic Cloud
  1078 | D:2      | Reached skill level 1 in Invocations
  1481 | D:2      | Reached skill level 1 in Fighting
  1481 | D:2      | Reached skill level 1 in Short Blades
  1481 | D:2      | Reached skill level 1 in Long Blades
  1481 | D:2      | Reached skill level 1 in Axes
  1481 | D:2      | Reached skill level 1 in Maces & Flails
  1481 | D:2      | Reached skill level 1 in Polearms
  1481 | D:2      | Reached skill level 1 in Staves
  1481 | D:2      | Reached skill level 1 in Slings
  1481 | D:2      | Reached skill level 1 in Bows
  1481 | D:2      | Reached skill level 1 in Crossbows
  1481 | D:2      | Reached skill level 1 in Throwing
  1481 | D:2      | Reached skill level 1 in Armour
  1481 | D:2      | Reached skill level 1 in Shields
  1481 | D:2      | Reached skill level 1 in Unarmed Combat
  1481 | D:2      | Reached skill level 1 in Evocations
  1595 | D:2      | Reached XP level 4. HP: 32/32 MP: 8/13
  1639 | D:2      | Found an ancient bone altar of Kikubaaqudgha.
  1644 | D:2      | Reached skill level 1 in Hexes
  1644 | D:2      | Reached skill level 1 in Charms
  1644 | D:2      | Reached skill level 1 in Necromancy
  1644 | D:2      | Reached skill level 1 in Transmutations
  1644 | D:2      | Reached skill level 1 in Fire Magic
  1644 | D:2      | Reached skill level 1 in Ice Magic
  1644 | D:2      | Reached skill level 1 in Air Magic
  1644 | D:2      | Reached skill level 1 in Earth Magic
  1644 | D:2      | Reached skill level 1 in Poison Magic
  1688 | D:2      | Became a worshipper of Kikubaaqudgha
  2060 | D:3      | Reached XP level 5. HP: 37/37 MP: 9/14
  2263 | D:3      | Found a white marble altar of Elyvilon.
  2544 | D:3      | Noticed Ijyb
  2825 | D:3      | Reached XP level 6. HP: 44/44 MP: 12/16
  2898 | D:3      | Reached * piety under Kikubaaqudgha
  2898 | D:3      | Identified Kikubaaqudgha's Compendium of Sinister Rituals
                  | (Kikubaaqudgha gifted it to you on level 3 of the Dungeon)
  2898 | D:3      | Received a gift from Kikubaaqudgha
  3812 | D:3      | Killed Ijyb
  3904 | D:3      | Found a shimmering altar of Xom.
  4370 | D:3      | Reached skill level 5 in Dodging
  4653 | D:3      | Slain by a gnoll

Skill      XL: |  1  2  3  4  5  6 |
---------------+-------------------+-----
Conjurations   | 2 |  2.6
Summonings     | 2 |  2.6
Translocations | 2 |  2.6
Invocations    | 1 2 |  2.1
Fighting       | 1 |  1.9
Short Blades   | 1 |  1.9
Long Blades    | 1 |  1.9
Axes           | 1 |  1.9
Maces & Flails | 1 |  1.9
Polearms       | 1 |  1.9
Staves         | 1 |  1.9
Slings         | 1 |  1.9
Bows           | 1 |  1.9
Crossbows      | 1 |  1.9
Throwing       | 1 |  1.9
Armour         | 1 |  1.9
Shields        | 1 |  1.9
Unarmed Combat | 1 |  1.9
Evocations     | 1 |  1.9
Hexes          | 1 |  1.5
Charms         | 1 |  1.5
Necromancy     | 1 |  1.5
Transmutations | 1 |  1.5
Fire Magic     | 1 |  1.5
Ice Magic      | 1 |  1.5
Air Magic      | 1 |  1.5
Earth Magic    | 1 |  1.5
Poison Magic   | 1 |  1.5
Dodging        | 5 |  5.0
Stealth        | |  4.6
Spellcasting   | |  7.4

Action                   |  1- 3 |  4- 6 || total
-------------------------+-------+-------++-------
Melee: Dagger            |    10 |    20 ||    30
       Bite              |       |     3 ||     3
 Fire: Hunting sling     |     2 |    11 ||    13
Throw: Stone             |       |    15 ||    15
 Cast: Magic Dart        |    74 |   149 ||   223
       Mephitic Cloud    |       |     4 ||     4
       Blink             |       |    29 ||    29
       Conjure Flame     |       |     1 ||     1
 Stab: Sleeping          |     6 |     3 ||     9
       Confused          |       |     2 ||     2
  Eat: Chunk             |     2 |     6 ||     8
       Ration            |       |     1 ||     1
Armor: Robe              |     6 |     6 ||    12
Dodge: Dodged            |    31 |    40 ||    71
